 Dungeon Crawl Stone Soup version 0.29.1-1-gd02db6906a (webtiles) character file.

Game seed: 7190337964616856820

169 Godmorgon the Magician (level 5, -1/39 HPs)
             Began as a Djinni Ice Elementalist on Oct 2, 2022.
             Was an Initiate of Okawaru.
             Slain by a black bear (4 damage)
             ... on level 4 of the Dungeon.
             The game lasted 00:17:01 (4228 turns).

Godmorgon the Magician (Djinni Ice Elementalist)    Turns: 4228, Time: 00:17:01

Health: -1/39      AC:  8    Str:  7    XL:     5   Next: 79%
Gold:   211        EV: 11    Int: 18    God:    Okawaru [......] SH:  0 Dex: 14

rFire   + + .      SeeInvis .   a - +3 hand axe
rCold   x . .      Faith    .   y - orb {light}
rNeg    . . .      Spirit   .   b - +0 leather armour
rPois   ∞          Reflect  .   m - +0 helmet
rElec   .          Harm     .   (no cloak)
rCorr   .          Rampage  .   (no gloves)
Will    .....                   (boots unavailable)
Stlth   +.........              (no amulet)
HPRegen 0.13/turn               (no ring)
MPRegen 0.00/turn               (no ring)

@: ice-armoured, flying, glowing
A: sickness immunity, fire resistance 2, cold vulnerability 1, float, innate
caster, HP casting, extra vitality 1
a: Renounce Religion


You were on level 4 of the Dungeon.
You worshipped Okawaru.
Okawaru was noncommittal.
You visited 1 branch of the dungeon, and saw 4 of its levels.

You collected 211 gold pieces.

Inventory:

Hand Weapons
 a - a +3 hand axe (weapon)
 c - a +0 dagger
 i - a +0 short sword
Missiles
 n - 3 throwing nets
 p - 6 poisoned darts
Armour
 b - a +0 leather armour (worn)
 m - a +0 helmet (worn)
 y - an orb of light (worn)
Jewellery
 t - a ring of fire
 w - a ring of fire
Scrolls
 d - 4 scrolls of identify
 e - 2 scrolls of fog {unknown}
 f - 3 scrolls of brand weapon
 k - 3 scrolls of teleportation {unknown}
 o - 2 scrolls of torment {unknown}
 r - a scroll of silence {unknown}
 u - a scroll of enchant weapon {unknown}
 x - a scroll of noise {unknown}
Potions
 g - 2 potions of might {unknown}
 h - 2 potions of curing {unknown}
 j - 2 potions of berserk rage {unknown}
 l - a potion of flight {unknown}
 q - a potion of invisibility {unknown}
 s - a potion of heal wounds {unknown}
 v - a potion of ambrosia {unknown}


   Skills:
 + Level 2.4 Fighting
 * Level 1.4 Armour
 - Level 2.1 Dodging
 - Level 1.5 Stealth
 * Level 4.5 Spellcasting


You couldn't memorise any spells.
You knew the following spells:

 Your Spells              Type           Power      Damage    Failure   Level
a - Ozocubu's Armour      Ice            20%        N/A       10%         3
d - Magic Dart            Conj           80%        1d7       3%          1
f - Freeze                Ice            80%        1d9       3%          1
h - Hailstorm             Conj/Ice       20%        3d6       32%         4
r - Frozen Ramparts       Ice            40%        1d7       10%         3
H - Ensorcelled Hibernat  Hex/Ice        40%        N/A       4%          2
Your spell library was empty.

Dungeon Overview and Level Annotations

Branches:
Dungeon (4/15)             Temple (0/1) D:4

Altars:
Okawaru

Annotations:
D:3 Ijyb


Innate Abilities, Weirdness & Mutations

You are immune to sickness and miasma.
You are immune to poison.
Your flesh is very heat resistant. (rF++)
You are vulnerable to cold. (rC-)
You float through the air rather than walking.
You learn spells naturally, not from books.
Your magical power is your life essence.
You have superior vitality. (+4 MHP)


Message History

Press: ? - help, Shift-Dir - straight line, f/p - black bear
Aim: a black bear (heavily wounded, haloed, chance to affect: 52%)
The black bear looks drowsy...
The wall freezes the black bear.
The black bear growls angrily.
The black bear misses you. The black bear claws you. x2
As you read the scroll labelled OCAUME ABIAVVO, it crumbles to dust.
It is a scroll of identify.
f - 3 scrolls of brand weapon The wall freezes the black bear but does no damage.
The black bear bites you. The black bear misses you. The black bear claws you.
* * * LOW HITPOINT WARNING * * *
Okay, then.
Unknown command.
Casting: Ensorcelled Hibernation (safe; 4% risk of failure)
Confirm with . or Enter, or press ? or * to list all spells.
A film of ice covers your body!
* * * LOW HITPOINT WARNING * * *
The wall freezes the black bear but does no damage.
The black bear bites you but does no damage.
The black bear misses you.
The black bear claws you but does no damage.
You hit the black bear.
The black bear is severely wounded.
The wall freezes the black bear.
The black bear goes berserk!
The wall freezes the black bear.
The black bear closely misses you. The black bear claws you.
* * * LOW HITPOINT WARNING * * *
The black bear barely misses you.
Your magical contamination has completely faded away.
Casting: Ozocubu's Armour (dangerous; 10% risk of failure)
Confirm with . or Enter, or press ? or * to list all spells.
Aiming: Magic Dart (safe; 3% risk of failure)
Press: ? - help, Shift-Dir - straight line, f/p - black bear
Aim: a black bear (almost dead, berserk, haloed, 100% to hit)
The magic dart hits the black bear.
The black bear is almost dead.
* * * LOW HITPOINT WARNING * * *
The frozen ramparts melt away.
The black bear barely misses you. The black bear claws you.
You die...

..### #.......... ...# #.
####.........# #........ ####
#.........#.##
#..#.....###..###+##.........#...
...$.##........#.##....#.#....##
.#.... ....#..##.......#)##...#.
#.# #.....#...........#.....
##....#..#........###.#.
#...?h#@###......## ####
#.....#h.###.##.## ......##...##
###### ..#.## #...# . # #####


You could see a black bear (berserk).

Vanquished Creatures
  6 adders
  4 gnolls (D:2)
  A dart slug (D:4)
  7 orcs (D:3)
  6 ball pythons
  2 endoplasms
  2 giant cockroaches
  8 goblins
  8 hobgoblins
  8 kobolds
  2 quokkas
  4 bats
  5 frilled lizards
  6 rats
69 creatures vanquished.

Notes
Turn   | Place    | Note
-------+----------+-------------------------------------------
     0 | D:1      | Godmorgon the Djinni Ice Elementalist began the quest for
                  | the Orb.
     0 | D:1      | Godmorgon set off with the following spells memorised:
                  | Freeze, Frozen Ramparts, Ozocubu's Armour, Hailstorm.
     0 | D:1      | Reached XP level 1. HP: 15/15 MP: 0/0
   377 | D:1      | Reached XP level 2. HP: 22/22 MP: 0/0
   788 | D:1      | Reached skill level 1 in Fighting
  1281 | D:2      | Reached XP level 3. HP: 27/27 MP: 0/0
  1281 | D:2      | Learned a level 1 spell: Magic Dart
  1623 | D:2      | Reached skill level 4 in Spellcasting
  1623 | D:2      | Reached XP level 4. HP: 26/33 MP: 0/0
  2003 | D:2      | Reached XP level 5. HP: 29/38 MP: 0/0
  2003 | D:2      | Learned a level 2 spell: Ensorcelled Hibernation
  2029 | D:2      | Found a faded altar of an unknown god.
  2623 | D:3      | Noticed Ijyb
  2751 | D:3      | Reached skill level 1 in Armour
  2787 | D:3      | Found an iron altar of Okawaru.
  2825 | D:3      | Became a worshipper of Warmaster Okawaru
  4051 | D:4      | Found a staircase to the Ecumenical Temple.
  4212 | D:4      | Noticed a black bear
  4228 | D:4      | Slain by a black bear

Illustrated notes

Levels and vault maps discovered:
D:1:      dpeg_arrival_pits, layout_basic, minmay_statues_item
D:2:      layout_basic, ebering_ecumenical_altar_sacrificial
D:3:      layout_basic, okawaru_ov_weapons_minmay, serial_co_window_serial,
          co_window_paths_b, co_window_paths_a, co_window_of_opportunity_a,
          co_window_cross_1, co_window_of_opportunity_a, co_window_2corner,
          co_window_broadway_a, co_window_paths_c, co_window_corner_b,
          co_window_broadway_b, co_window_paths_c, glass_columns_b,
          glass_columns_c, glass_columns_c, glass_columns_b, glass_columns_a,
          serial_park_tiny_2, uniq_ijyb
D:4:      layout_cave_pools, minmay_temple_entry_statues,
          lightli_corner_chamber, uniq_robin

Skill      XL: |  1  2  3  4  5 |
---------------+----------------+-----
Fighting       | 1 2 |  2.4
Spellcasting   | 4 |  4.5
Armour         | 1 |  1.4
Dodging        | |  2.1
Stealth        | |  1.5

Action                   |  1- 3 |  4- 6 || total
-------------------------+-------+-------++-------
Melee: Dagger            |    12 |     4 ||    16
       Hand axe          |       |    22 ||    22
 Cast: Freeze            |    36 |    12 ||    48
       Magic Dart        |    20 |    58 ||    78
       Ensorcelled Hiber |       |    10 ||    10
       Ozocubu's Armour  |       |     1 ||     1
       Frozen Ramparts   |       |     1 ||     1
  Use: Scroll            |       |     1 ||     1
 Stab: Sleeping          |     2 |     4 ||     6
Armor: Robe              |     9 |       ||     9
       Leather armour    |       |    22 ||    22
Dodge: Dodged            |    35 |    45 ||    80
